 Dungeon Crawl Stone Soup version 0.29.1-13-g9f3cf754e1 (webtiles) character file.

Game seed: 3540366767301019024

32 Peloso the Covered (level 3, -2/33 HPs)
             Began as a Minotaur Fighter on Jan 24, 2023.
             Succumbed to a kobold brigand's poison
             ... on level 4 of the Dungeon.
             The game lasted 00:02:31 (1215 turns).

Peloso the Covered (Minotaur Fighter)               Turns: 1215, Time: 00:02:31

Health: -2/33      AC: 10    Str: 18    XL:     3   Next: 10%
Magic:  2/2        EV:  6    Int:  5    God:
Gold:   105        SH:  4    Dex: 11    Spells: 2/2 levels left

rFire   . . .      SeeInvis .   a - +0 long sword (vorpal)
rCold   + . .      Faith    .   d - +0 buckler
rNeg    . . .      Spirit   .   c - +0 chain mail
rPois   .          Reflect  .   (helmet restricted)
rElec   .          Harm     .   (no cloak)
rCorr   .          Rampage  .   e - +0 pair of gloves
Will    .....                   (no boots)
Stlth   ..........              (no amulet)
HPRegen 0.11/turn               (no ring)
MPRegen 0.08/turn               (no ring)

@: lethally poisoned (-2 -> -24)
A: horns 2, retaliatory headbutt, claws 1, cold resistance 1, sense surroundings
1, weak 1
a: no special abilities


You were on level 4 of the Dungeon.
You visited 1 branch of the dungeon, and saw 3 of its levels.

You collected 105 gold pieces.

Inventory:

Hand Weapons
 a - a +0 vorpal long sword (weapon)
Armour
 b - a +0 scale mail
 c - a +0 chain mail (worn)
 d - a +0 buckler (worn)
 e - a +0 pair of gloves (worn)
Jewellery
 l - a +6 ring of dexterity
Scrolls
 g - 2 scrolls of identify
 h - a scroll of silence
 j - a scroll of poison {unknown}
 k - a scroll of teleportation {unknown}
Potions
 i - a potion of might
 m - a potion of curing {unknown}


   Skills:
 + Level 4.0 Fighting
 + Level 2.8 Long Blades
 + Level 4.1 Armour
 + Level 4.1 Shields


You had 2 spell levels left.
You didn't know any spells.
Your spell library contained the following spells:

 Spells                   Type           Power      Damage    Failure   Level
 Summon Small Mammal      Summ           0%         N/A       100%        1
 Call Canine Familiar     Summ           0%         N/A       100%        3
 Summon Guardian Golem    Hex/Summ       0%         N/A       100%        3


Dungeon Overview and Level Annotations

Branches:
Dungeon (2/15)

Altars:

Annotations:
D:1 1 transporter
D:4 Rider's ghost, weakling FoDe


Innate Abilities, Weirdness & Mutations

You have a pair of horns on your head.
You reflexively headbutt those who attack you in melee.
You have sharp fingernails.
Your flesh is cold resistant. (rC+)
You passively map a small area around you.
You are weak. (Str -2)


Message History

Rider's ghost hits you but does no damage.
The kobold brigand throws a poisoned dart.
You block the poisoned dart.
You slash Rider's ghost!
Rider's ghost is heavily damaged.
You feel sick. Rider's ghost closely misses you.
You barely miss Rider's ghost.
Rider's ghost is heavily damaged.
You feel sick.
The kobold brigand hits you but does no damage.
You are more poisoned.
Rider's ghost hits you but does no damage.
The kobold barely misses you. You furiously retaliate!
You headbutt the kobold.
You kill the kobold!
You barely miss Rider's ghost. Your headbutt misses Rider's ghost.
Rider's ghost is heavily damaged.
You feel very sick. You block Rider's ghost's attack.
The kobold brigand hits you with a +2 whip of venom.
You are lethally poisoned!
The kobold brigand closely misses you. You block the kobold's attack.
Rider's ghost barely misses you.
You closely miss Rider's ghost. You headbutt Rider's ghost.
Rider's ghost is heavily damaged.
You feel very sick. The kobold hits you but does no damage.
Rider's ghost hits you but does no damage.
Unknown command.
You hit Rider's ghost but do no damage.
Rider's ghost is heavily damaged.
You feel very sick. Rider's ghost hits you.
* * * LOW HITPOINT WARNING * * *
The kobold hits you but does no damage.
The kobold brigand hits you with a +2 whip of venom.
* * * LOW HITPOINT WARNING * * *
You are more poisoned.
You barely miss Rider's ghost.
Rider's ghost is heavily damaged.
You die...

......### ..# ........#
#..#### * ........#
#.....##### , .......##
##....##.⌠.## ##.....#
###.....#.#.#.# ,,
####..###.......'..#..?
##..#.......K'.....! ,,
#.........KKWK.# , ,
###........K@#K#,
#............##.⌠.# ,
#.............##### ,
#................,,
#..........!......
#......$...........
##................., ,,
##................ , ,
** ##............


You could see a kobold brigand, Rider's ghost and 5 kobolds.

Vanquished Creatures
  A worm (D:2)
  A dart slug (D:1)
  An orc (D:2)
  3 ball pythons
  3 bats
  3 endoplasms
  3 goblins
  3 hobgoblins
  2 kobolds
  A quokka (D:2)
  A frilled lizard (D:2)
  2 rats (D:1)
24 creatures vanquished.

Notes
Turn   | Place    | Note
-------+----------+-------------------------------------------
     0 | D:1      | Peloso the Minotaur Fighter began the quest for the Orb.
     0 | D:1      | Reached XP level 1. HP: 19/19 MP: 0/0
   207 | D:1      | Reached XP level 2. HP: 27/27 MP: 1/1
   842 | D:2      | Found a faded altar of an unknown god.
   951 | D:2      | Reached XP level 3. HP: 33/33 MP: 2/2
   983 | D:2      | You fall into a shaft and drop 2 floors!
  1042 | D:4      | Gained mutation: Your flesh is cold resistant. (rC+)
                  | [potion of mutation]
  1042 | D:4      | Gained mutation: You passively map a small area around you.
                  | [potion of mutation]
  1042 | D:4      | Gained mutation: You are weak. (Str -2) [potion of
                  | mutation]
  1042 | D:4      | Gained mutation: You have sharp fingernails. [potion of
                  | mutation]
  1196 | D:4      | Found a runed translucent gate.
  1196 | D:4      | Found a runed translucent gate.
  1196 | D:4      | Found a runed translucent gate.
  1198 | D:4      | Noticed a kobold brigand
  1198 | D:4      | Noticed Rider's ghost (weakling FoDe)
  1215 | D:4      | Succumbed to a kobold brigand's poison

Illustrated notes

Levels and vault maps discovered:
D:1:      spicycebolla_arrival_risky_transporter, layout_loops_ring
D:2:      minmay_roachtagon, layout_basic, chequers_ecumenical_altar_simple,
          minivault_26
D:4:      layout_cave_pods, gammafunk_ghost_nasty_kobolds

Skill      XL: |  1  2 |
---------------+-------+-----
Armour         | 4 |  4.1
Shields        | 4 |  4.1
Fighting       | 4 |  4.0
Long Blades    | |  2.8

Action                   || total
-------------------------++-------
Melee: Long sword        ||    48
       Headbutt          ||     2
  Use: Scroll            ||     3
       Potion            ||     1
Armor: Scale mail        ||    24
       Chain mail        ||    10
Dodge: Dodged            ||    30
Block: Buckler           ||    17
